 Dungeon Crawl Stone Soup version 0.29.0-5-ge4962eb29e (webtiles) character file.

Game seed: 10060534311509956312

482 Sabo the Slasher (level 7, -7/50 HPs)
             Began as a Djinni Gladiator on Aug 28, 2022.
             Was a Priest of Zin.
             Mangled by an ogre
             ... wielding a +0 giant club
              (23 damage)
             ... on level 4 of the Dungeon.
             The game lasted 00:20:51 (4823 turns).

Sabo the Slasher (Djinni Gladiator)                 Turns: 4823, Time: 00:20:51

Health: -7/50      AC:  8    Str: 15    XL:     7   Next: 34%
Gold:   238        EV: 13    Int:  9    God:    Zin [***...] SH:  0 Dex: 15

rFire   + + .      SeeInvis .   a - +0 long sword
rCold   x . .      Faith    .   (no shield)
rNeg    . . .      Spirit   .   q - +0 leather armour
rPois   ∞          Reflect  .   c - +0 helmet
rElec   .          Harm     .   z - +0 cloak
rCorr   .          Rampage  .   n - +2 pair of gloves
Will    .....                   (boots unavailable)
Stlth   ++........              (no amulet)
HPRegen 0.16/turn               (no ring)
MPRegen 0.00/turn               (no ring)

@: flying
A: sickness immunity, fire resistance 2, cold vulnerability 1, float, innate
caster, HP casting, extra vitality 1
a: Renounce Religion, Recite, Vitalisation, Imprison, Donate Gold


You were on level 4 of the Dungeon.
You worshipped Zin.
Zin was most pleased with you.
You visited 1 branch of the dungeon, and saw 4 of its levels.

You collected 264 gold pieces.
You donated 26 gold pieces to Zin.

Inventory:

Hand Weapons
 a - a +0 long sword (weapon)
 A - a +0 sling
Missiles
 d - 3 throwing nets (quivered)
 e - a javelin
 x - 2 boomerangs
Armour
 c - a +0 helmet (worn)
 k - a +0 robe
 n - a +2 pair of gloves (worn)
 q - a +0 leather armour (worn)
 z - a +0 cloak (worn)
Wands
 b - a wand of paralysis (3)
Scrolls
 i - 4 scrolls of magic mapping
 l - 3 scrolls of immolation {unknown}
 m - 3 scrolls of blinking
 o - a scroll of silence {unknown}
 p - 2 scrolls of teleportation
 s - a scroll of enchant weapon {unknown}
 v - a scroll of fear
 y - a scroll of vulnerability {unknown}
Potions
 f - a potion of heal wounds {unknown}
 g - a potion of haste {unknown}
 h - 2 potions of degeneration {unknown}
 j - a potion of flight {unknown}
 r - 2 potions of attraction {unknown}
 t - a potion of curing {unknown}
 u - a potion of resistance {unknown}
 w - a potion of brilliance {unknown}


   Skills:
 + Level 3.0 Fighting
 + Level 5.2 Long Blades
 + Level 1.6 Throwing
 + Level 2.9 Armour
 + Level 4.6 Dodging
 + Level 1.2 Stealth
 + Level 0.1 Invocations


You couldn't memorise any spells.
You knew the following spells:

 Your Spells              Type           Power      Damage    Failure   Level
a - Sting                 Tmut/Pois      0%         1d3       45%         1
b - Passwall              Tmut/Erth      0%         N/A       58%         2
c - Ignite Poison         Fire/Tmut/Pois 0%         N/A       83%         3
Your spell library was empty.

Dungeon Overview and Level Annotations

Branches:
Dungeon (4/15)
 Temple: D:4-7

Altars:
Zin


Innate Abilities, Weirdness & Mutations

You are immune to sickness and miasma.
You are immune to poison.
Your flesh is very heat resistant. (rF++)
You are vulnerable to cold. (rC-)
You float through the air rather than walking.
You learn spells naturally, not from books.
Your magical power is your life essence.
You have superior vitality. (+4 MHP)


Message History

You now have 238 gold pieces (gained 9).
Found a stone staircase leading up.
An ogre comes into view. It is wielding a +0 giant club.
Found a ring mail.
The ogre shouts!
A ball python comes into view.
There is a stone staircase leading down here.
The ball python hisses angrily.
There is a stone staircase leading down here.
The ogre completely misses you.
There is a stone staircase leading down here.
You hit the ogre.
The ogre is lightly wounded.
The ogre misses you.
You barely miss the ogre.
The ogre is lightly wounded.
You completely miss the ogre.
The ogre is lightly wounded.
The ogre misses you.
You closely miss the ogre.
The ogre is lightly wounded.
The ogre barely misses you.
You barely miss the ogre.
The ogre is lightly wounded.
The ogre hits you with a +0 giant club.
You hit the ogre.
The ogre is moderately wounded.
You hit the ogre. You punch the ogre, but do no damage.
The ogre is moderately wounded.
The ogre misses you.
You slash the ogre!
The ogre is severely wounded.
The ogre hits you with a +0 giant club!
You barely miss the ogre.
The ogre is severely wounded.
The ogre hits you with a +0 giant club!!
You hit the ogre.
The ogre is severely wounded.
The ogre hits you with a +0 giant club!!
You die...

..#........#.#.###
###........#.#... .......
#........#.#.## .......
#####.........# .......
#######.........# .......
#...............# ......#
#.......#.......##.....[#
#.......####.#...#......#
#.......# #....@OS......
#.......# ##############
#.......# #.......#
#.......# #########


You could see an ogre and a ball python.

Vanquished Creatures
  Sigmund (D:3)
  A vampire bat (D:3)
  A hound (D:4)
  2 orc priests (D:4)
  An iguana (D:4)
  An orc wizard (D:4)
  Ijyb (D:4)
  3 adders
  3 worms
  3 dart slugs
  5 orcs
  4 ball pythons
  4 bat skeletons (D:3)
  A bat zombie (D:3)
  8 endoplasms
  2 giant cockroaches
  6 goblins
  8 hobgoblins
  2 jackals (D:3)
  3 quokkas (D:1)
  6 bats
  2 frilled lizards
  3 kobolds
  6 rats
77 creatures vanquished.

Notes
Turn   | Place    | Note
-------+----------+-------------------------------------------
     0 | D:1      | Sabo the Djinni Gladiator began the quest for the Orb.
     0 | D:1      | Reached XP level 1. HP: 18/18 MP: 0/0
   181 | D:1      | Reached XP level 2. HP: 23/23 MP: 0/0
   277 | D:1      | Reached skill level 3 in Long Blades
   882 | D:1      | Reached XP level 3. HP: 28/28 MP: 0/0
   882 | D:1      | Learned a level 1 spell: Sting
  1501 | D:2      | Found a faded altar of an unknown god.
  1532 | D:2      | Prayed at the altar of an unknown god.
  1532 | D:2      | Became a worshipper of Zin the Law-Giver
  1532 | D:2      | Reached * piety under Zin
  1562 | D:2      | Reached ** piety under Zin
  1724 | D:2      | Identified the +1 leather armour "Qoxt" {Str-4 Dex+2
                  | Stlth+}
  2147 | D:2      | Reached XP level 4. HP: 33/33 MP: 0/0
  2729 | D:3      | Noticed Sigmund
  2739 | D:3      | Killed Sigmund
  2740 | D:3      | Reached skill level 4 in Long Blades
  2740 | D:3      | Reached XP level 5. HP: 23/39 MP: 0/0
  2740 | D:3      | Learned a level 2 spell: Passwall
  2740 | D:3      | Reached XP level 6. HP: 26/45 MP: 0/0
  2987 | D:3      | Reached *** piety under Zin
  3695 | D:4      | Noticed Ijyb
  3794 | D:4      | Paralysed by Ijyb for 4 turns
  3805 | D:4      | Paralysed by Ijyb for 4 turns
  3813 | D:4      | Killed Ijyb
  3838 | D:4      | Reached skill level 1 in Stealth
  3993 | D:4      | Reached XP level 7. HP: 49/49 MP: 0/0
  3993 | D:4      | Learned a level 3 spell: Ignite Poison
  4008 | D:4      | Reached skill level 5 in Long Blades
  4823 | D:4      | Mangled by an ogre

Illustrated notes

Levels and vault maps discovered:
D:1:      eino_arrival_cavern_b, layout_loops_corners
D:2:      layout_basic, shapermc_ecumenical_altar_acropolis,
          minmay_fractal_squares_gapless_5
D:3:      layout_loops_ring, kennysheep_vampire_church,
          chequers_serial_rivers_room_a, uniq_sigmund
D:4:      layout_basic, uniq_ijyb

Skill      XL: |  1  2  3  4  5  6  7 |
---------------+----------------------+-----
Long Blades    | 3 4 5 |  5.2
Dodging        | 4 |  4.6
Armour         | 2 |  2.9
Stealth        | 1 |  1.2
Fighting       | 3 |  3.0
Throwing       | |  1.6
Invocations    | |  0.1

Action                   |  1- 3 |  4- 6 |  7- 9 || total
-------------------------+-------+-------+-------++-------
Melee: Long sword        |   102 |   111 |    57 ||   270
       Punch             |     1 |     3 |     4 ||     8
Invok: Vitalisation      |       |     1 |       ||     1
  Use: Scroll            |     1 |     5 |     1 ||     7
 Stab: Distracted        |       |     1 |       ||     1
       Sleeping          |       |     1 |       ||     1
Armor: Leather armour    |    17 |    41 |    14 ||    72
       Chain mail        |    27 |     5 |       ||    32
Dodge: Dodged            |    64 |    65 |    46 ||   175
